Map: [ESL] Solaris

Players

Scarlett

  • Race: Zerg Zerg
  • Spawn Location: 7:00

GuMiho - Winner!

  • Race: Terran Terran
  • Spawn Location: 1:00

Event: IEM Katowice 2024

VOD

Have the link to the VOD?

Description

Time

  • Played on: Feb. 10, 2024, 5:25 a.m.
  • Length: 15:12

All games in this series

Show
View Real Time Build Order
Export as new Build Order

Scarlett Zerg 

Build Orders: Hatch First 

Get SALT Encoding   

  12  0:00  Drone  
  13  0:12  Overlord  
  13  0:17  Drone  
  14  0:30  Drone x2  
  16  0:46  Hatchery  
  15  0:51  Drone  
  15  0:54  Drone  
  18  0:57  Drone  
  18  1:08  Extractor  
  17  1:12  Spawning Pool  
  17  1:15  Drone  
  18  1:18  Drone  
  18  1:28  Drone  
  19  1:39  Drone  
  20  1:50  Drone  
  21  1:59  Queen x2  
  21  2:00  Zergling x4  
  27  2:10  Drone, Overlord  
  28  2:20  Hatchery  
  27  2:24  Drone  
  27  2:32  Drone  
  27  2:33  Drone  
  27  2:36  Drone  
  30  2:37  Queen  
  30  2:43  Metabolic Boost  
  32  2:48  Overlord  
  32  2:52  Drone  
  32  2:53  Drone  
  32  2:56  Drone  
  35  3:05  Queen, Overlord  
  35  3:08  Drone  
  35  3:09  Drone  
  35  3:11  Drone  
  40  3:15  Drone  
  40  3:18  Drone  
  42  3:23  Drone  
  43  3:30  Drone x2  
  43  3:31  Queen  
  47  3:38  Drone x2  
  47  3:41  Queen  
  49  3:42  Overlord  
  49  3:43  Drone  
  49  3:44  Drone  
  49  3:47  Zergling x6  
  56  3:51  Spore Crawler  
  55  3:59  Overlord  
  55  4:00  Drone  
  55  4:01  Drone x3  
  60  4:07  Drone x2  
  60  4:09  Overlord  
  62  4:17  Overlord  
  62  4:18  Drone x2, Overlord  
  62  4:19  Queen  
  62  4:23  Queen  
  68  4:27  Overlord  
  68  4:28  Drone x2  
  70  4:33  Drone  
  70  4:34  Drone  
  72  4:38  Drone  
  72  4:42  Drone  
  72  4:43  Zergling x2  
  75  4:47  Hatchery  
  75  4:49  Zergling x2  
  75  4:50  Zergling x6  
  78  4:54  Drone x7  
  78  4:58  Extractor x2  
  83  5:06  Zergling x8  
  77  5:18  Lair  
  73  5:25  Zergling x14  
  77  5:32  Drone x5  
  77  5:33  Evolution Chamber  
  77  5:35  Evolution Chamber  
  80  5:38  Drone  
  80  5:41  Drone  
  82  5:44  Drone  
  82  5:46  Drone x3  
  82  5:47  Extractor  
  85  5:56  Evolution Chamber  
  82  6:02  Drone x5  
  80  6:07  Drone x7  
  80  6:09  Zerg Melee Weapons Level 1  
  85  6:17  Drone x4  
  90  6:21  Spore Crawler  
  89  6:26  Extractor  
  89  6:27  Hatchery  
  89  6:30  Zergling x8  
  91  6:33  Zergling x2  
  91  6:34  Zergling x4, Spore Crawler  
  91  6:36  Overlord x2  
  91  6:39  Roach Warren  
  91  6:40  Zerg Missile Weapons Level 1  
  91  6:47  Drone  
  91  6:48  Drone x8  
  91  6:51  Extractor  
  99  6:59  Overlord x4  
  99  7:06  Overseer  
  99  7:07  Unknown  
  99  7:08  Pneumatized Carapace  
  92  7:15  Spore Crawler  
  92  7:16  Zergling x10  
  92  7:19  Drone x3  
  92  7:21  Drone x4  
  103  7:23  Glial Reconstitution  
  103  7:27  Roach  
  105  7:30  Roach  
  105  7:31  Roach x2  
  105  7:32  Drone  
  112  7:37  Drone x5  
  112  7:41  Drone x3  
  112  7:43  Drone x2  
  122  7:46  Drone x3  
  122  7:49  Roach  
  122  7:50  Roach  
  129  7:53  Ravager x4  
  129  7:56  Drone x5  
  138  8:03  Drone x7  
  144  8:10  Roach x6  
  156  8:16  Infestation Pit  
  156  8:18  Drone  
  156  8:19  Baneling Nest  
  155  8:22  Roach, Overlord x3  
  155  8:23  Spore Crawler  
  156  8:31  Zerg Melee Weapons Level 2  
  156  8:32  Overlord x2  
  156  8:33  Overlord  
  155  8:36  Extractor  
  154  8:44  Drone x11  
  154  8:48  Drone x8  
  166  8:56  Roach x7  
  166  9:00  Roach x2  
  166  9:01  Roach x2  
  166  9:02  Ravager x7  
  178  9:03  Ravager  
  183  9:11  Extractor  
  183  9:14  Hive, Zerg Missile Weapons Level 2  
  182  9:18  Centrifugal Hooks  
  182  9:21  Roach x5  
  182  9:23  Hatchery  
  182  9:27  Roach x6  
  182  9:29  Ravager  
  182  9:30  Ravager x3  
  192  9:32  Ravager x6  
  198  9:56  Spine Crawler x2  
  198  9:57  Spine Crawler x2  
  198  9:58  Roach x7  
  200  10:02  Zergling x12  
  200  10:05  Zergling x14  
  200  10:12  Roach x2  
  199  10:16  Ravager x3  
  199  10:19  Ravager x3  
  200  10:28  Baneling x11  
  193  10:36  Baneling x12  
  193  10:40  Zergling x12  
  197  10:44  Adrenal Glands  
  197  10:45  Spire  
  196  10:53  Zergling x24  
  194  10:58  Zergling x20  
  194  11:02  Zergling x26  
  196  11:05  Roach x2  
  184  11:12  Roach x4  
  184  11:16  Roach x4  
  161  11:25  Spore Crawler, Roach x13  
  175  11:26  Spine Crawler  
  175  11:29  Roach x3  
  170  11:36  Roach x8  
  170  11:38  Ravager x2  
  171  11:41  Ravager x2  
  171  11:43  Ravager x4  
  171  11:44  Roach  
  173  11:49  Roach x6  
  173  11:52  Roach x8  
  178  11:55  Roach  
  178  11:56  Queen x2  
  178  11:58  Roach x2  
  178  12:00  Roach x3  
  177  12:01  Ravager x2  
  177  12:02  Roach x3, Ravager  
  177  12:07  Roach x2  
  177  12:08  Queen x2  
  175  12:16  Roach x7  
  175  12:20  Roach x3  
  179  12:24  Roach x3  
  176  12:34  Hatchery  
  176  12:36  Hatchery  
  161  12:37  Greater Spire  
  161  12:44  Unknown  
  160  12:45  Ravager x8  
  168  13:01  Roach x11  
  168  13:03  Ravager  
  168  13:04  Ravager  
  190  13:09  Drone x3  
  190  13:16  Overlord x2  
  190  13:25  Drone x2  
  189  13:36  Infestor x2  
  189  13:38  Zergling x14  
  196  13:47  Drone x8  
  200  13:59  Corruptor x2  
  187  14:12  Roach x9  
  187  14:16  Roach x2  
  193  14:25  Roach x5  
  193  14:29  Roach x12  
  196  14:37  Roach  
  182  14:41  Roach  
  182  14:42  Roach x12  
  176  14:49  Roach x7  
  176  14:52  Ravager x2  
Show
View Real Time Build Order
Export as new Build Order

GuMiho Terran - Winner!

Build Orders: Reaper Expand, Hellion Banshee, Mech 

Get SALT Encoding   

  12  0:00  SCV  
  13  0:12  SCV  
  14  0:16  Supply Depot  
  14  0:24  SCV  
  15  0:38  SCV  
  15  0:41  Barracks  
  15  0:42  Refinery  
  16  0:50  SCV  
  17  1:02  SCV  
  18  1:14  SCV  
  19  1:27  Orbital Command  
  19  1:28  Reaper  
  20  1:37  Command Center  
  20  1:45  Supply Depot  
  20  1:52  SCV  
  21  2:00  Marine  
  22  2:04  SCV  
  23  2:08  Factory  
  23  2:17  SCV  
  23  2:20  Barracks Reactor  
  24  2:29  SCV  
  25  2:39  Command Center  
  25  2:42  SCV  
  26  2:49  Orbital Command  
  26  2:54  SCV  
  26  2:56  Starport  
  27  3:03  Hellion  
  31  3:06  Hellion, Marine  
  31  3:09  SCV  
  33  3:15  SCV  
  34  3:21  SCV  
  34  3:25  Hellion  
  39  3:27  Hellion  
  39  3:29  SCV  
  39  3:33  Viking, SCV, Marine  
  44  3:48  Hellion  
  46  3:51  Orbital Command, Hellion  
  48  3:56  SCV x2  
  48  4:00  Supply Depot  
  48  4:01  Marine  
  51  4:03  Medivac  
  51  4:08  SCV x2  
  54  4:18  Hellion x2  
  54  4:20  SCV x2  
  54  4:21  SCV  
  61  4:25  Supply Depot  
  61  4:26  Refinery x2  
  61  4:27  Barracks Tech Lab  
  61  4:32  SCV  
  61  4:34  SCV x2  
  64  4:41  Hellion x2  
  64  4:44  SCV  
  69  4:46  SCV x2  
  69  4:50  Supply Depot x2  
  71  4:54  Banshee  
  71  4:56  SCV  
  71  4:58  SCV x2  
  73  5:09  Hellion x2  
  73  5:11  SCV x2  
  67  5:23  Armory, SCV  
  67  5:24  Armory  
  67  5:25  Orbital Command  
  67  5:27  SCV  
  69  5:29  Refinery  
  69  5:30  Hellion x2  
  69  5:31  Supply Depot  
  69  5:32  Supply Depot  
  69  5:35  Factory, SCV  
  74  5:39  SCV  
  74  5:40  Banshee  
  78  5:47  SCV  
  78  5:49  Supply Depot  
  79  5:52  SCV, Refinery  
  79  5:53  SCV  
  79  5:54  Refinery  
  81  5:59  SCV  
  81  6:04  SCV  
  80  6:05  Hellion x2  
  80  6:07  SCV  
  80  6:09  Supply Depot  
  79  6:11  SCV  
  79  6:16  Terran Vehicle Weapons Level 1, SCV  
  79  6:17  Terran Vehicle And Ship Armor Level 1  
  81  6:19  SCV  
  82  6:26  Hellion x2  
  82  6:27  Supply Depot  
  82  6:28  Supply Depot, SCV x2  
  82  6:31  SCV  
  91  6:36  Factory  
  89  6:41  Starport Tech Lab, SCV x2  
  89  6:42  Factory  
  89  6:43  Command Center, SCV  
  92  6:47  Hellion  
  92  6:48  Barracks Reactor, Hellion  
  92  6:49  Hurricane Engines  
  92  6:52  Siege Tank  
  99  6:55  SCV, Supply Depot  
  99  6:56  SCV x2  
  102  7:08  SCV x3  
  104  7:11  Raven  
  104  7:13  Hellion x2  
  111  7:20  SCV x3  
  114  7:24  Siege Tank, Supply Depot x2  
  114  7:25  Supply Depot  
  114  7:26  Factory  
  114  7:28  Factory, Factory Reactor  
  117  7:30  Factory  
  117  7:32  SCV x3  
  117  7:36  Cyclone x2  
  124  7:38  Cyclone  
  124  7:43  Supply Depot  
  126  7:44  Cyclone  
  126  7:50  Raven  
  130  7:53  Interference Matrix  
  130  7:58  Engineering Bay  
  130  8:08  Cyclone x2  
  130  8:09  Cyclone x3  
  130  8:11  SCV x2  
  130  8:12  SCV  
  143  8:16  Terran Vehicle Weapons Level 2  
  143  8:25  Terran Vehicle And Ship Armor Level 2  
  143  8:31  Command Center  
  143  8:33  SCV x3  
  146  8:37  Refinery  
  146  8:38  Factory Tech Lab x2  
  146  8:39  Factory Reactor  
  146  8:40  Cyclone  
  148  8:43  Refinery  
  148  8:45  SCV  
  146  8:49  Planetary Fortress  
  146  8:51  Cyclone x2  
  146  8:54  SCV x2  
  145  8:56  Cyclone x2  
  145  8:57  SCV  
  140  9:03  Cyclone x2  
  140  9:06  SCV x2  
  140  9:08  Cyclone x2  
  140  9:09  SCV  
  146  9:27  Cyclone x4  
  146  9:28  Cyclone, SCV x3  
  153  9:38  Banshee  
  156  9:39  Siege Tank  
  156  9:40  SCV  
  156  9:41  SCV  
  156  9:44  Siege Tank  
  156  9:45  Hellion x4  
  172  9:49  SCV  
  173  9:53  SCV x2  
  173  9:59  Hellion  
  165  10:01  Hellion x2  
  165  10:03  Hellion x2  
  165  10:06  Siege Tank, Hellion x2  
  165  10:07  Hellion, SCV x2  
  166  10:11  Siege Tank  
  169  10:16  Cyclone  
  169  10:18  SCV  
  169  10:19  Planetary Fortress, SCV x2  
  169  10:20  Cyclone  
  176  10:22  Hellion, Cyclone  
  176  10:28  Hellion x3  
  186  10:29  Raven  
  186  10:30  SCV  
  186  10:34  Cyclone x2  
  191  10:39  Hellion  
  193  10:43  Hellion x2  
  193  10:45  Terran Vehicle Weapons Level 3  
  193  10:47  Orbital Command  
  197  10:53  Siege Tank  
  185  11:02  Siege Tank  
  185  11:03  Hellion x2  
  181  11:04  Hellion  
  181  11:05  Hellion  
  181  11:06  Hellion x3  
  178  11:18  Hellion  
  178  11:19  Hellion  
  178  11:24  Hellion, Supply Depot  
  178  11:25  Hellion  
  174  11:26  Hellion x3, SCV  
  174  11:27  Hellion, SCV  
  174  11:28  Hellion  
  180  11:34  Terran Vehicle And Ship Armor Level 3  
  180  11:35  Cyclone x2  
  180  11:39  Cyclone  
  182  11:40  Hellion  
  182  11:46  Cyclone  
  184  11:47  Cyclone x2  
  184  11:48  Hellion x2  
  184  11:49  Hellion  
  184  11:50  Hellion  
  190  11:57  Infernal Pre-Igniter  
  168  12:09  Cyclone x2  
  168  12:10  Cyclone x2  
  168  12:13  Cyclone  
  168  12:14  Hellion x3  
  176  12:18  Cyclone  
  176  12:20  Hellion x2  
  153  12:35  Hellion x2, Cyclone  
  153  12:39  Command Center  
  153  12:41  Cyclone, Hellion x2  
  153  12:42  Hellion, Cyclone  
  153  12:43  Cyclone  
  163  12:45  Cyclone  
  163  12:50  Cyclone  
  167  12:53  Command Center  
  167  12:56  Raven, Cyclone  
  171  13:09  Cyclone x5  
  181  13:14  Cyclone  
  177  13:22  Cyclone x3  
  177  13:23  Cyclone  
  183  13:28  Cyclone  
  179  13:41  Cyclone x5  
  178  13:46  Cyclone  
  184  13:54  Cyclone  
  184  13:55  Hellion, Cyclone x2  
  192  14:01  Hellion  
  189  14:13  Cyclone x2, Hellion x2  
  189  14:16  Cyclone  
  198  14:24  Cyclone  
  198  14:25  Cyclone  
  198  14:26  Cyclone  
  198  14:28  Hellion  
  198  14:29  Hellion  
  200  14:32  Hellion  
  188  14:39  Cyclone x2  
  185  14:50  Hellion  
  189  14:53  Command Center  
  187  15:07  Starport  
  181  15:08  Starport  

Tags
 
Add a new tag
Caveats
  • Supply blocks, unpowered buildings, or Contaminate may cause inaccurate times.
  • Supply counts are checked every 10 seconds.